 Dungeon Crawl Stone Soup version 0.29.0-11-gd7f09526c8 (webtiles) character file.

Game seed: 7301719770678534511

998 RihmastoTheGreat the Cudgeller (level 8, -3/70 HPs)
             Began as a Minotaur Berserker on Sept 5, 2022.
             Was a Priest of Trog.
             Slain by an orc warrior
             ... wielding a +0 trident
              (4 damage)
             ... on level 5 of the Dungeon.
             The game lasted 00:07:48 (5518 turns).

RihmastoTheGreat the Cudgeller (Minotaur Berserker) Turns: 5518, Time: 00:07:49

Health: -3/70      AC: 10    Str: 23    XL:     8   Next: 0%
Magic:  0/7        EV:  9    Int:  4    God:    Trog [***...]
Gold:   225        SH:  0    Dex: 11    Spells: 7/7 levels left

rFire   x . .      SeeInvis .   a - +0 mace
rCold   + . .      Faith    .   (no shield)
rNeg    . . .      Spirit   +   c - +0 chain mail
rPois   .          Reflect  .   (helmet restricted)
rElec   .          Harm     .   (no cloak)
rCorr   .          Rampage  .   (no gloves)
Will    .....                   (no boots)
Stlth   ..........              p - amulet of guardian spirit
HPRegen 0.21/turn               f - ring of ice
MPRegen 0.10/turn               (no ring)

@: lethally poisoned (-3 -> -12)
A: horns 2, retaliatory headbutt
a: Renounce Religion, Berserk, Trog's Hand


You were on level 5 of the Dungeon.
You worshipped Trog.
Trog was most pleased with you.
You visited 1 branch of the dungeon, and saw 6 of its levels.

You collected 225 gold pieces.

Inventory:

Hand Weapons
 a - a +0 mace (weapon)
Missiles
 n - a throwing net (quivered)
Armour
 b - a +0 animal skin
 c - a +0 chain mail (worn)
Jewellery
 f - a ring of ice (left hand)
 p - an amulet of guardian spirit (around neck)
Scrolls
 d - 4 scrolls of vulnerability {unknown}
 g - 2 scrolls of enchant weapon {unknown}
 h - 2 scrolls of noise {unknown}
 i - 3 scrolls of teleportation {unknown}
 l - 2 scrolls of identify {unknown}
 r - a scroll of fog {unknown}
Potions
 e - 2 potions of curing {unknown}
 j - a potion of cancellation {unknown}
 k - a potion of heal wounds {unknown}
 m - a potion of degeneration {unknown}
 o - a potion of attraction {unknown}
 q - a potion of flight {unknown}
 s - a potion of magic {unknown}


   Skills:
 + Level 6.0 Fighting
 + Level 7.8 Maces & Flails
 + Level 6.7 Armour
 + Level 3.3 Dodging
 + Level 1.0 Stealth


You had 7 spell levels left.
You didn't know any spells.
Your spell library contained the following spells:

 Spells                   Type           Power      Damage    Failure   Level
 Apportation              Tloc           0%         N/A       98%         1
 Magic Dart               Conj           0%         1d3       98%         1
 Necrotise                Necr           0%         1d4       98%         1
 Summon Small Mammal      Summ           0%         N/A       98%         1
 Call Imp                 Summ           0%         N/A       99%         2
 Mephitic Cloud           Conj/Pois/Air  0%         N/A       100%        3
 Stone Arrow              Conj/Erth      0%         3d7       100%        3
 Animate Armour           Summ/Erth      0%         N/A       100%        4
 Lehudib's Crystal Spear  Conj/Erth      0%         10d2      100%        8


Dungeon Overview and Level Annotations

Branches:
Dungeon (6/15)
 Temple: D:4-7

Altars:
Elyvilon
Xom


Innate Abilities, Weirdness & Mutations

You have a pair of horns on your head.
You reflexively headbutt those who attack you in melee.


Message History

You have reached level 8!
You feel agile.
You hit the orc warrior.
The orc warrior is lightly wounded.
The orc warrior hits you with a +0 trident!
You completely miss the orc warrior.
The orc warrior is lightly wounded.
The adder bites you but does no damage.
The orc warrior hits you with a +0 trident!
* * * LOW HITPOINT WARNING * * *
The scorpion stings you.
* * * LOW HITPOINT WARNING * * *
You hit the orc warrior. You headbutt the orc warrior!
You punch the orc warrior, but do no damage.
The orc warrior is severely wounded.
The adder bites you.
* * * LOW HITPOINT WARNING * * *
The scorpion barely misses you.
The orc warrior hits you with a +0 trident!
* * * LOW HITPOINT WARNING * * *
The adder bites you but does no damage. The scorpion barely misses you.
The adder completely misses you.
The orc warrior hits you with a +0 trident.
* * * LOW HITPOINT WARNING * * *
You climb upwards.
There is a stone staircase leading down here.
You closely miss the orc warrior.
The orc warrior is severely wounded.
The scorpion stings you.
* * * LOW HITPOINT WARNING * * *
You are lethally poisoned!
The scorpion poisons you! The adder bites you but does no damage.
The orc warrior barely misses you.
You thump the orc warrior!
The orc warrior is almost dead.
* * * LOW HITPOINT WARNING * * *
You feel very sick. The scorpion closely misses you.
The adder bites you but does no damage.
The orc warrior hits you with a +0 trident.
You die...

#############
######.........##.
##...##.#.......##.
##.S...#.........##.
##..@...............(
#...so....##.##.#.##.
#.........##.##.#.##.
#.............)...###
##.......############
##.......##.......#
#....##.##.......#
#.##.##.##.......##
#.##..#.##.........


You could see an orc warrior, a scorpion and an adder.

Vanquished Creatures
  A water moccasin (D:5)
  A black bear (D:5)
  An ogre (D:4)
  A centaur (D:4)
  A necrophage (D:5)
  A scorpion (D:4)
  2 hounds
  A jelly (D:5)
  3 orc priests
  2 orc wizards
  An iguana (D:5)
  6 gnolls (D:3)
  8 adders
  A white imp (D:5)
  2 ufetubi (D:4)
  A worm (D:2)
  A dart slug (D:2)
  19 orcs
  4 bats
  8 endoplasms
  2 giant cockroaches
  9 goblins
  12 hobgoblins
  2 quokkas
  10 ball pythons
  3 frilled lizards
  7 kobolds
  2 rats
112 creatures vanquished.

Vanquished Creatures (others)
  3 plants (D:3)
3 creatures vanquished.

Grand Total: 115 creatures vanquished

Notes
Turn   | Place    | Note
-------+----------+-------------------------------------------
     0 | D:1      | RihmastoTheGreat the Minotaur Berserker began the quest for
                  | the Orb.
     0 | D:1      | Reached XP level 1. HP: 19/19 MP: 0/0
   401 | D:1      | Reached XP level 2. HP: 27/27 MP: 1/1
   405 | D:1      | Reached skill level 4 in Maces & Flails
   928 | D:2      | Reached XP level 3. HP: 24/33 MP: 2/2
  1054 | D:2      | Reached ** piety under Trog
  1378 | D:2      | Found a faded altar of an unknown god.
  1968 | D:2      | Reached XP level 4. HP: 37/40 MP: 3/3
  2173 | D:3      | Reached skill level 5 in Maces & Flails
  2504 | D:3      | Reached XP level 5. HP: 13/47 MP: 4/4
  3238 | D:3      | Reached XP level 6. HP: 51/55 MP: 5/5
  3290 | D:3      | Reached *** piety under Trog
  3498 | D:3      | Reached skill level 6 in Maces & Flails
  3682 | D:4      | Reached skill level 5 in Fighting
  3724 | D:4      | Reached skill level 5 in Armour
  4134 | D:4      | Reached XP level 7. HP: 34/61 MP: 6/6
  4634 | D:4      | Found a white marble altar of Elyvilon.
  4634 | D:4      | Found a shimmering altar of Xom.
  4737 | D:5      | Entered Level 5 of the Dungeon
  4754 | D:5      | Reached skill level 7 in Maces & Flails
  5031 | D:5      | Reached skill level 1 in Stealth
  5512 | D:6      | Reached XP level 8. HP: 48/70 MP: 4/7
  5518 | D:5      | HP: 1/70 [poisoned by a scorpion]
  5518 | D:5      | Slain by an orc warrior

Illustrated notes

Levels and vault maps discovered:
D:1:      minmay_arrival_doors, layout_rooms
D:2:      layout_basic, ebering_ecumenical_altar_box, minmay_heptomino_l4
D:3:      layout_basic, grunt_ministairs_10, serial_bayou_crossing
D:4:      layout_loops_ring, amethyst_overflow_temple_binary
D:5:      layout_loops_cross
D:6:      minmay_polygon_palace, layout_rooms, gup_sewer_entry_spiral,
          hangedman_glass_teeth, dk_rats_in_the_wall

Skill      XL: |  1  2  3  4  5  6  7 |
---------------+----------------------+-----
Maces & Flails | 4 5 6 7 |  7.8
Fighting       | 4 5 6 |  6.0
Armour         | 3 4 5 6 |  6.7
Dodging        | 3 |  3.3
Stealth        | 1 |  1.0

Action                   |  1- 3 |  4- 6 |  7- 9 || total
-------------------------+-------+-------+-------++-------
Melee: Mace              |    99 |   144 |    65 ||   308
       Headbutt          |     8 |    19 |    13 ||    40
       Punch             |       |     2 |     3 ||     5
Armor: Chain mail        |    80 |   108 |    44 ||   232
Dodge: Dodged            |    71 |    82 |    37 ||   190
